 Dungeon Crawl Stone Soup version 0.30.1-11-g7821555f0a (webtiles) character file.

Game seed: 7495802513652499804

94 lonewolfV2 the Trooper (level 4, -3/38 HPs)
             Began as a Formicid Fighter on Dec 4, 2023.
             Slain by a gnoll
             ... wielding a +0 spear of distortion
              (5 damage)
             ... on level 3 of the Dungeon.
             The game lasted 00:02:31 (1664 turns).

lonewolfV2 the Trooper (Formicid Fighter)           Turns: 1664, Time: 00:02:31

Health: -3/38      AC:  6    Str: 21    XL:     4   Next: 94%
Magic:  4/4        EV:  9    Int:  7    God:
Gold:   150        SH:  5    Dex: 15    Spells: 3/3 levels left

rFire   . . .        a - +0 war axe
rCold   . . .        c - +0 buckler
rNeg    . . .        b - +0 scale mail
rPois   .            (helmet unavailable)
rElec   .            (no cloak)
rCorr   .            (no gloves)
SInv    +            (no boots)
Will    .....        (no amulet) Stlth
                     (no ring)
HPRegen 0.26/turn    (no ring)
MPRegen 0.09/turn

%: no passive effects
@: no status effects
A: permanent stasis, dig shafts and tunnels, antennae 3, four strong arms
a: Dig, Shaft Self


You were on level 3 of the Dungeon.
You visited 1 branch of the dungeon, and saw 3 of its levels.

You collected 150 gold pieces.

Inventory:

Hand Weapons
 a - a +0 war axe (weapon)
Armour
 b - a +0 scale mail (worn)
 c - a +0 buckler (worn)
Scrolls
 h - a scroll of immolation
 i - 2 scrolls of identify
 k - a scroll of fear {unknown}
 m - a scroll of noise {unknown}
Potions
 d - a potion of might
 e - 3 potions of heal wounds
 f - a potion of haste
 g - a potion of experience {unknown}
 j - a potion of flight
 l - a potion of degeneration {unknown}


   Skills:
 + Level 4.7 Fighting
 + Level 3.5 Axes
 - Level 3.2 Armour
 - Level 4.0 Shields


You had 3 spell levels left.
You didn't know any spells.
Your spell library contained the following spells:

 Spells                   Type           Power      Damage    Failure   Level
 Scorch                   Fire           0%         2d5       93%         2
 Frozen Ramparts          Ice            0%         1d1       99%         3
 Flame Wave               Conj/Fire      0%         2d4       100%        4
 Ice Form                 Ice/Tmut       0%         N/A       100%        4
 Summon Ice Beast         Ice/Summ       0%         N/A       100%        4
 Summon Cactus Giant      Summ           0%         N/A       100%        6


Dungeon Overview and Level Annotations

Branches:
Dungeon (3/15)

Altars:
Kikubaaqudgha
Xom


Innate Abilities, Weirdness & Mutations

You cannot be hasted, slowed, berserked, paralysed or teleported.
You can dig through walls and to a lower floor.
You have a pair of large antennae on your head. (SInv)
Your four strong arms can wield two-handed weapons with a shield.


Message History

Found 2 stones.
A gnoll comes into view. It is wielding a +0 spear.
A gnoll is nearby!
The gnoll hits you with a +0 spear.
You barely miss the gnoll. You block the gnoll's attack.
You barely miss the gnoll. The gnoll hits you with a +0 spear.
You closely miss the gnoll. The gnoll barely misses you.
The gnoll hits you with a +0 spear.
You closely miss the gnoll. The gnoll barely misses you.
You hit the gnoll.
The gnoll is moderately wounded.
The gnoll hits you but does no damage.
You hit the gnoll.
The gnoll is heavily wounded.
You block the gnoll's attack. The gnoll misses you.
You barely miss the gnoll.
The gnoll is heavily wounded.
You block the gnoll's attack.
You slash the gnoll!
You kill the gnoll!
Things that are here:
a +0 spear; a gnoll corpse 2 gnolls come into view.
A gnoll is wielding a +0 spear of distortion.
The gnoll shouts! x2
The gnoll hits you from afar with a +0 spear of distortion.
The gnoll hits you from afar with a +0 spear of distortion.
The gnoll hits you with a +0 spear of distortion.
Space warps horribly around you!
* * * LOW HITPOINT WARNING * * *
The gnoll hits you from afar with a +0 spear.
* * * LOW HITPOINT WARNING * * *
You barely miss the gnoll.
The gnoll hits you with a +0 spear of distortion.
* * * LOW HITPOINT WARNING * * *
Space warps around you.
* * * LOW HITPOINT WARNING * * *
The gnoll closely misses you. You block the gnoll's attack.
The gnoll hits you with a +0 spear of distortion.
You die...

#.#.............
####.####.######.##
..........# #.#
.....###### #.#
.##### #.# .# #.#
.# #g# .# #g# .#
###########@#
.#####.......)...#
.......###########
########


You could see 2 gnolls.

Vanquished Creatures
  An adder (D:3)
  4 gnolls
  2 worms
  A dart slug (D:2)
  2 endoplasms (D:2)
  A giant cockroach (D:1)
  5 goblins
  A hobgoblin (D:2)
  3 jackals (D:1)
  A kobold (D:3)
  3 quokkas
  3 ball pythons
  4 bats (D:1)
  5 frilled lizards (D:2)
  4 rats
40 creatures vanquished.

Notes
Turn   | Place    | Note
-------+----------+-------------------------------------------
     0 | D:1      | lonewolfV2 the Formicid Fighter began the quest for the
                  | Orb.
     0 | D:1      | Reached XP level 1. HP: 18/18 MP: 1/1
   124 | D:1      | Reached XP level 2. HP: 16/24 MP: 2/2
   781 | D:2      | Found a shimmering altar of Xom.
   860 | D:2      | Reached XP level 3. HP: 27/30 MP: 3/3
   944 | D:2      | Reached XP level 4. HP: 27/38 MP: 4/4
  1562 | D:3      | Found an ancient bone altar of Kikubaaqudgha.
  1664 | D:3      | Slain by a gnoll

Illustrated notes

Levels and vault maps discovered:
D:1:      psy_arrival_conway, layout_loops_ring
D:2:      wad_lake_hut, layout_loops_ring, basic_altar, minmay_lizard_pond
D:3:      layout_loops_ring, general_overflow_altar, hellmonk_no_cap

Skill      XL: |  1  2  3 |
---------------+----------+-----
Fighting       | 4 |  4.7
Axes           | 3 |  3.5
Armour         | |  3.2
Shields        | |  4.0

Action                     |  1- 3 |  4- 6 || total
---------------------------+-------+-------++-------
  Melee: War axe           |    81 |    46 ||   127
Ability: Dig               |     1 |       ||     1
    Use: Scroll            |     3 |     5 ||     8
 Armour: Scale mail        |    48 |    10 ||    58
  Dodge: Dodged            |    37 |    19 ||    56
  Block: Buckler           |    29 |    10 ||    39
